 Dungeon Crawl Stone Soup version 0.28-a0-863-g8cecda6153 (webtiles) character file.

Game seed: 12400238549799837865

97 Zonian the Poker (level 4, 0/33 HPs)
             Began as a Demonspawn Gladiator on Nov 18, 2021.
             Was a Follower of Jiyva.
             Slain by a gnoll sergeant (2 damage)
             ... on level 4 of the Dungeon.
             The game lasted 00:04:18 (2880 turns).

Zonian the Poker (Demonspawn Gladiator)             Turns: 2880, Time: 00:04:18

Health: 0/33       AC:  3    Str: 14    XL:     4   Next: 42%
Magic:  4/4        EV: 12    Int: 12    God:    Jiyva [*.....]
Gold:   55         SH:  0    Dex: 15    Spells: 3/3 levels left

rFire   . . .      SeeInvis .   a - +0 trident
rCold   + . .      Faith    +   (no shield)
rNeg    . . .      Spirit   .   b - +0 leather armour
rPois   .          Reflect  .   (helmet restricted)
rElec   .          Harm     +   h - scarf {harm}
rCorr   .          Rampage  .   (no gloves)
Will    .....                   (no boots)
Stlth   +.........              m - amulet of faith
HPRegen 0.11/turn               g - ring of wizardry
MPRegen 0.09/turn               l - ring of protection from cold

@: no status effects
A: antennae 1, foul stench 1, big brain 1
a: Renounce Religion, Request Jelly


You were on level 4 of the Dungeon.
You worshipped Jiyva.
Jiyva was aware of your devotion.
You visited 1 branch of the dungeon, and saw 4 of its levels.

You collected 55 gold pieces.

Inventory:

Hand Weapons
 a - a +0 trident (weapon)
Missiles
 d - a throwing net (quivered)
 i - 19 poisoned darts
 k - 3 javelins
Armour
 b - a +0 leather armour (worn)
 c - a +0 helmet
 f - a +2 cloak
 h - a scarf of harm (worn)
Jewellery
 g - a ring of wizardry (left hand)
 l - a ring of protection from cold (right hand)
 m - an amulet of faith (around neck)
Potions
 e - a potion of curing {unknown}
 j - a potion of degeneration {unknown}


   Skills:
 + Level 2.1 Fighting
 + Level 3.7 Polearms
 + Level 2.0 Throwing
 + Level 1.2 Armour
 + Level 3.2 Dodging
 + Level 0.8 Stealth


You had 3 spell levels left.
You didn't know any spells.
Your spell library was empty.

Dungeon Overview and Level Annotations

Branches:
Dungeon (4/15)
 Temple: D:4-7

Altars:
Ashenzari
Fedhas
Gozag
Kikubaaqudgha
Sif Muna
Trog
Jiyva


Innate Abilities, Weirdness & Mutations

You have a pair of small antennae on your head.
You may rarely emit foul miasma when damaged in melee.
You have an unusually large brain. (Int +2)


Message History

Magic restored.
You start resting.
Jiyva says: Divide and consume!
You start resting.
You start resting.
HP restored.
Unknown command.
There is a stone staircase leading down here.
You climb downwards.
There is a stone staircase leading up here.
Unknown command.
A gnoll comes into view. It is wielding a +0 whip.
A gnoll sergeant comes into view. It is wielding a +0 trident.
The gnoll shouts!
You hear a shout! 2 gnolls come into view.
The gnoll shouts! x2
The gnoll sergeant shouts!
The gnoll closely misses you.
The gnoll enters a dispersal trap!
The gnoll blinks!
The gnoll sergeant blinks!
You blink.
The gnoll blinks!
The gnoll hits you with a +0 whip. The gnoll sergeant closely misses you.
Unknown command.
The kobold shouts!
You hit the gnoll.
The gnoll is lightly wounded.
The gnoll sergeant hits you from afar with a +0 trident.
The gnoll barely misses you.
You hit the gnoll.
The gnoll is heavily wounded.
The gnoll sergeant barely misses you. The gnoll hits you with a +0 whip!
Unknown command.
Unknown command.
You hit the gnoll.
You kill the gnoll!
The gnoll sergeant hits you from afar with a +0 trident!
* * * LOW HITPOINT WARNING * * *
You puncture the gnoll!
The gnoll is severely wounded.
The gnoll sergeant hits you from afar with a +0 trident.
You die...

##...P...P.
#..P..P..P.
#..P.....P.
#...P......
#...PPPPP..
#########.......K..
...........g^......
#.#########g#.###.#
##### #######@#.#
#P..# ..........#
#._.# #######<..#
#.P.# ##...J..#
P..#### .......
P.P#.<# .......
...J.##.# .......
........# .......
.P####### .......


You could see a gnoll sergeant, a gnoll and a neutral endoplasm (wandering)
(fellow slime).

Vanquished Creatures
  Jessica (D:2)
  A gnoll (D:4)
  An adder (D:2)
  3 worms (D:2)
  A dart slug (D:1)
  A ball python (D:1)
  2 endoplasms (D:1)
  4 giant cockroaches
  A goblin (D:2)
  4 hobgoblins
  4 kobolds
  5 quokkas
  6 bats
  4 frilled lizards
  3 rats
41 creatures vanquished.

Vanquished Creatures (others)
  An orc (D:3)
  2 ball pythons
  An endoplasm (D:4)
  A quokka (D:3)
  A bat (D:3)
  2 frilled lizards (D:3)
  A rat (D:3)
  2 plants (D:4)
11 creatures vanquished.

Grand Total: 52 creatures vanquished

Notes
Turn   | Place    | Note
-------+----------+-------------------------------------------
     0 | D:1      | Zonian the Demonspawn Gladiator began the quest for the
                  | Orb.
     0 | D:1      | Reached XP level 1. HP: 16/16 MP: 1/1
   202 | D:1      | Gained mutation: You have a pair of small antennae on your
                  | head. [demonic ancestry]
   202 | D:1      | Reached XP level 2. HP: 14/22 MP: 2/2
   783 | D:2      | Noticed Jessica
   800 | D:2      | Gained mutation: You have an unusually large brain. (Int
                  | +2) [demonic ancestry]
   800 | D:2      | Reached XP level 3. HP: 27/27 MP: 3/3
  1697 | D:2      | Found a faded altar of an unknown god.
  1753 | D:2      | Prayed at the altar of an unknown god.
  1753 | D:2      | Became a worshipper of Jiyva Jikawoti the Shapeless
  1753 | D:2      | Reached * piety under Jiyva
  1790 | D:2      | Killed Jessica
  1791 | D:2      | Reached skill level 1 in Armour
  1791 | D:2      | Gained mutation: You may rarely emit foul miasma when
                  | damaged in melee. [demonic ancestry]
  1791 | D:2      | Reached XP level 4. HP: 33/33 MP: 4/4
  2108 | D:3      | Found a shimmering blue altar of Sif Muna.
  2109 | D:3      | Found a broken altar of Ashenzari.
  2129 | D:3      | Reached ** piety under Jiyva
  2423 | D:3      | Found a bloodstained altar of Trog.
  2443 | D:3      | Found an opulent altar of Gozag.
  2656 | D:4      | Found an ancient bone altar of Kikubaaqudgha.
  2657 | D:4      | Found a blossoming altar of Fedhas.
  2869 | D:4      | Noticed a gnoll sergeant
  2880 | D:4      | Slain by a gnoll sergeant

Illustrated notes

Levels and vault maps discovered:
D:1:      kennysheep_arrival_seaside, layout_rooms
D:2:      layout_basic, hellmonk_ecumenical_altar_leap_of_faith, uniq_jessica
D:3:      layout_loops_ring, trog_butcher_becter,
          gammafunk_temple_overflow_pools, overflow_temple_1_default,
          minmay_misc_feat_pillars, minmay_misc_feat_chi
D:4:      layout_basic, grunt_temple_overflow_growth_and_decay,
          minmay_temple_entry_statues_fountains, serial_shops,
          nicolae_shop_crystal, nicolae_grassy_gnolls

Skill      XL: |  1  2  3 |
---------------+----------+-----
Polearms       | 3 |  3.7
Dodging        | 3 |  3.2
Throwing       | 2 |  2.0
Armour         | 1 |  1.2
Fighting       | |  2.1
Stealth        | |  0.8

Action                   |  1- 3 |  4- 6 || total
-------------------------+-------+-------++-------
Melee: Trident           |   119 |    28 ||   147
Throw: Throwing net      |     4 |       ||     4
Invok: Request Jelly     |       |     1 ||     1
  Use: Scroll            |     2 |     2 ||     4
 Stab: Sleeping          |     3 |     1 ||     4
Armor: Leather armour    |    39 |     2 ||    41
Dodge: Dodged            |    64 |    17 ||    81

Table legend: (Time is in decaauts)
 A = Elapsed time spent in this place.
 B = Non-inter-level travel time spent in this place.
 C = Inter-level travel time spent in this place.
 D = Time resting spent in this place.
 E = Time spent auto-exploring this place.
 F = Levels seen in this place.
 G = Mean time per level.
                   A        B        C        D        E       F      G
               +--------+--------+--------+--------+--------+-----+--------+
         Total |   2900 |   2806 |     94 |    592 |   1679 |   4 |  725.0 |
       Dungeon |   2900 |   2806 |     94 |    592 |   1679 |   4 |  725.0 |
               +--------+--------+--------+--------+--------+-----+--------+

Top non-repeatable levels by time:
     D:2: 1360 daAuts
     D:3: 801 daAuts
     D:1: 703 daAuts
     D:4: 35 daAuts
